 Dungeon Crawl Stone Soup version 0.23.0 (webtiles) character file.

Game seed: 11023440668315388579

74 MalarOregon the Ducker (level 4, 0/34 HPs)
             Began as a Merfolk Arcane Marksman on Feb 14, 2019.
             Slain by a gnoll
             ... wielding a +0 flail
              (12 damage)
             ... on level 2 of the Dungeon.
             The game lasted 00:07:28 (2511 turns).

MalarOregon the Ducker (Merfolk Arcane Marksman)    Turns: 2511, Time: 00:07:28

Health: 0/34       AC:  2    Str: 11    XL:     4   Next: 28%
Magic:  5/5        EV: 12    Int: 12    God:
Gold:   149        SH:  0    Dex: 14    Spells: 1/5 levels left

rFire    . . .     SeeInvis .   c - +0 club
rCold    . . .     Gourm    .   (no shield)
rNeg     . . .     Faith    .   a - +0 robe
rPois    .         Spirit   .   (no helmet)
rElec    .         Reflect  .   (no cloak)
rCorr    .         Harm     .   (no gloves)
MR       .....                  (no boots)
Stlth    +.........             (no amulet)
HPRegen  0.11/turn              h - -2 ring of evasion (curse)
MPRegen  0.09/turn              (no ring)

@: no status effects
A: change form in water, swift swim, stealthy swim
a: no special abilities


You were on level 2 of the Dungeon.
You were not hungry.

You visited 1 branch of the dungeon, and saw 2 of its levels.

You collected 149 gold pieces.

Inventory:

Hand Weapons
 c - a +0 club (weapon)
   (You took it off a hobgoblin on level 2 of the Dungeon)
Missiles
 d - 2 throwing nets {!f}
 f - 13 poisoned needles
 i - 3 stones (quivered)
Armour
 a - a +0 robe (worn)
Jewellery
 h - a cursed -2 ring of evasion (left hand)
   (You found it on level 1 of the Dungeon)
 n - an uncursed ring of flight {unknown}
   (You found it on level 2 of the Dungeon)
Scrolls
 b - 2 scrolls of identify {unknown}
 g - a scroll of remove curse {unknown}
 j - a scroll of magic mapping {unknown}
 l - a scroll of noise {unknown}
 p - a scroll of teleportation {@r4}
Potions
 k - a potion of lignification {unknown}
 o - a potion of degeneration {unknown}
Comestibles
 e - 6 rations {!d}


   Skills:
 + Level 2.5 Fighting
 * Level 3.1 Throwing
 + Level 3.9 Dodging
 - Level 1.0 Spellcasting
 - Level 3.0 Hexes


You had one spell level left.
You knew the following spells:

 Your Spells              Type           Power        Failure   Level  Hunger
a - Corona                Hex            #......      9%          1    ##.....
d - Portal Projectile     Hex/Tloc       #.....       43%         3    ####...

Your spell library contained the following spells:

 Spells                   Type           Power        Failure   Level  Hunger
 Slow                     Hex            #.......     13%         2    ###....
 Inner Flame              Hex/Fire       #.......     43%         3    ####...
 Cause Fear               Hex            #.........   65%         4    #####..
 Leda's Liquefaction      Hex/Erth       #.........   85%         4    #####..


Dungeon Overview and Level Annotations

Branches:
Dungeon (2/15)

Altars:


Message History

The gnoll resists with significant effort.
Throwing (i - inventory. (/) - cycle)
m - 3 javelins (quivered)
Aim: a gnoll, wielding a +0 flail You throw a javelin.
The javelin barely misses the gnoll.
The javelin hits the gnoll!
The gnoll barely misses you.
Throwing (i - inventory. (/) - cycle)
m - 2 javelins (quivered)
Aim: a gnoll, wielding a +0 flail You throw a javelin.
The javelin completely misses the gnoll.
The javelin closely misses the gnoll.
The javelin hits the gnoll!
Throwing (i - inventory. (/) - cycle)
m - a javelin (quivered)
Aim: a gnoll, wielding a +0 flail You throw a javelin.
The javelin closely misses the gnoll.
The javelin hits the gnoll.
The gnoll hits you with a +0 club!
Throwing (i - inventory. (/) - cycle)
i - 10 stones (quivered)
Aim: a gnoll, wielding a +0 flail (moderately wounded)
You throw a stone. The stone hits the gnoll.
The gnoll hits you with a +0 club.
Throwing (i - inventory. (/) - cycle)
i - 9 stones (quivered)
Aim: a gnoll, wielding a +0 flail (lightly wounded)
You throw a stone.
The stone hits the gnoll but does no damage.
The gnoll hits you with a +0 club.
Throwing (i - inventory. (/) - cycle)
i - 8 stones (quivered)
Aim: a gnoll, wielding a +0 flail (lightly wounded)
You throw a stone.
The stone hits the gnoll but does no damage.
The gnoll barely misses you.
Throwing (i - inventory. (/) - cycle)
i - 7 stones (quivered)
Aim: a gnoll, wielding a +0 flail (lightly wounded)
You throw a stone. The stone closely misses the gnoll.
The stone hits the gnoll but does no damage.
Throwing (i - inventory. (/) - cycle)
i - 6 stones (quivered)
Aim: a gnoll, wielding a +0 flail (lightly wounded)
You throw a stone. The stone hits the gnoll.
You kill the gnoll!
Throwing (i - inventory. (/) - cycle)
i - 5 stones (quivered)
Aim: a gnoll, wielding a +0 flail (lightly wounded)
You throw a stone. The stone hits the gnoll.
The gnoll barely misses you.
Throwing (i - inventory. (/) - cycle)
i - 4 stones (quivered)
Aim: a gnoll, wielding a +0 flail (moderately wounded)
You throw a stone. The stone completely misses the gnoll.
The stone hits the gnoll.
The gnoll barely misses you. The gnoll hits you with a +0 flail!
* * * LOW HITPOINT WARNING * * *
There is an open door here.
The bat barely misses you. The bat barely misses you.
You barely miss the bat. The bat hits you but does no damage.
The gnoll hits you with a +0 flail!
You die...

### ### #<# #.# ####.# #.#
...#.##################.#
##.#....................#
#.#..#################.#
#.#........# #........#
#.##.#.#...####.########
#.##.#.######b.@...#
#.##.#.........g...####
#.##.#.##.......g.....####
#.#...........#'#........+
..g.
##.............#.#.....####
....
..†..............#.#####
.... #.#..........#####.#
.... #............# #.#
g... ##.###########
#.####### ...


You could see 2 gnolls and a bat.

Vanquished Creatures
  3 adders (D:2)
  A gnoll (D:2)
  A worm (D:2)
  2 dart slugs
  A leopard gecko (D:1)
  2 bats (D:1)
  A giant cockroach (D:1)
  5 goblins
  A hobgoblin (D:2)
  5 kobolds
  5 frilled lizards
  5 rats
32 creatures vanquished.

Notes
Turn   | Place    | Note
-------+----------+-------------------------------------------
     0 | D:1      | MalarOregon the Merfolk Arcane Marksman began the quest for
                  | the Orb.
     0 | D:1      | Reached XP level 1. HP: 15/15 MP: 2/2
   228 | D:1      | Reached XP level 2. HP: 21/21 MP: 3/3
  1098 | D:2      | Reached XP level 3. HP: 25/27 MP: 4/4
  1119 | D:2      | Learned a level 3 spell: Portal Projectile
  1918 | D:2      | Reached XP level 4. HP: 24/34 MP: 3/5
  2511 | D:2      | Slain by a gnoll

Skill      XL: |  1  2  3  4 |
---------------+-------------+-----
Dodging        | 3 |  3.9
Fighting       | 2 |  2.5
Throwing       | 3 |  3.1
Spellcasting   | |  1.0
Hexes          | |  3.0

Action                   |  1- 3 |  4- 6 || total
-------------------------+-------+-------++-------
Melee: Unarmed           |    28 |       ||    28
       Club              |    37 |     3 ||    40
Throw: Javelin           |    33 |     3 ||    36
       Stone             |    39 |    20 ||    59
       Throwing net      |     1 |       ||     1
 Cast: Corona            |    10 |     3 ||    13
  Use: Scroll            |     2 |       ||     2
 Stab: Held in net/web   |     1 |       ||     1
  Eat: Chunk             |     3 |     2 ||     5
Armor: Robe              |     4 |     1 ||     5
Dodge: Dodged            |    54 |     7 ||    61
